 Dungeon Crawl Stone Soup version 0.26-a0-466-g989023bd0d (webtiles) character file.

Game seed: 412102626350994300

1742 Lanoc the Firebug (level 8, -3/52 HPs)
             Began as a Demonspawn Fire Elementalist on Aug 7, 2020.
             Was a Follower of Nemelex Xobeh.
             Killed by nerve-wracking pain
             ... invoked by Menkaure
              (12 damage)
             ... on level 7 of the Dungeon.
             The game lasted 00:14:57 (6425 turns).

Lanoc the Firebug (Demonspawn Fire Elementalist)    Turns: 6425, Time: 00:14:58

Health: -3/52      AC:  6    Str:  9    XL:     8   Next: 77%
Magic:  12/12      EV: 14    Int: 19    God:    Nemelex Xobeh [*.....]
Gold:   381        SH:  0    Dex: 15    Spells: 6/11 levels left

rFire    + . .     SeeInvis .   u - +2 quarterstaff (chaos)
rCold    + . .     Faith    .   (shield currently unavailable)
rNeg     . . .     Spirit   .   o - +3 leather armour {MR+}
rPois    +         Reflect  .   (helmet restricted)
rElec    .         Harm     .   i - scarf {rC+ rF+}
rCorr    .                      (no gloves)
MR       +....                  (no boots)
Stlth    +++.......             g - amulet of magic regeneration
HPRegen  0.17/turn              m - ring of stealth
MPRegen  0.38/turn              z - ring of poison resistance

@: no status effects
A: horns 1, thin skeletal structure 1, powered by death 2, powered by pain 1
a: Draw Escape, Draw Destruction, Draw Summoning, Renounce Religion


You were on level 7 of the Dungeon.
You worshipped Nemelex Xobeh.
Nemelex Xobeh was aware of your devotion.
You visited 2 branches of the dungeon, and saw 8 of its levels.

You collected 381 gold pieces.

Inventory:

Hand Weapons
 u - a +2 quarterstaff of chaos (weapon)
Armour
 i - a scarf of resistance (worn)
 o - a +3 leather armour of magic resistance (worn)
Jewellery
 g - an amulet of magic regeneration (around neck)
 m - a ring of stealth (left hand)
 z - a ring of poison resistance (right hand)
Wands
 l - a wand of iceblast (6)
Scrolls
 c - a scroll of random uselessness {unknown}
 d - a scroll of teleportation {unknown}
 h - a scroll of fear {unknown}
 j - a scroll of enchant weapon {unknown}
 k - 2 scrolls of immolation {unknown}
 r - a scroll of fog {unknown}
 t - 5 scrolls of identify {unknown}
 y - a scroll of blinking {unknown}
Potions
 a - a potion of lignification {unknown}
 b - 4 potions of heal wounds {unknown}
 e - a potion of brilliance {unknown}
 f - a potion of resistance {unknown}
 n - 2 potions of invisibility {unknown}
 p - a potion of cancellation {unknown}
 q - 2 potions of stabbing {unknown}
 s - a potion of degeneration {unknown}
 v - 2 potions of curing {unknown}
 w - a potion of flight {unknown}
 x - 2 potions of berserk rage {unknown}


   Skills:
 + Level 4.9 Dodging
 - Level 1.7 Stealth
 - Level 2.0 Spellcasting
 + Level 4.9 Conjurations
 * Level 7.2 Fire Magic
 + Level 6.2 Invocations


You had 6 spell levels left.
You knew the following spells:

 Your Spells              Type           Power        Failure   Level
a - Foxfire               Conj/Fire      ####         1%          1
b - Sticky Flame          Conj/Fire      ####....     19%         4

Your spell library contained the following spells:

 Spells                   Type           Power        Failure   Level
 Magic Dart               Conj           ###.         3%          1
 Conjure Flame            Conj/Fire      ####....     6%          3
 Inner Flame              Hex/Fire       ###.....     16%         3
 Blink                    Tloc           N/A          34%         2
 Call Imp                 Summ           #.......     34%         2
 Slow                     Hex            #.......     34%         2
 Mephitic Cloud           Conj/Pois/Air  #.......     36%         3
 Fireball                 Conj/Fire      ####......   47%         5


Dungeon Overview and Level Annotations

Branches:
Dungeon (7/15)             Temple (1/1) D:6

Altars:
Fedhas
Makhleb
Nemelex Xobeh
Okawaru
Xom

Annotations:
D:7 Menkaure


Innate Abilities, Weirdness & Mutations

You have a pair of small horns on your head.
You have a somewhat thin skeletal structure. (Dex +2, Stealth)
You regenerate health from kills.
You sometimes gain a little power by taking damage.


Message History

You conjure some foxfire!
Menkaure calls on the powers of darkness!
Your body is wracked with pain!
* * * LOW HITPOINT WARNING * * *
You hit Menkaure.
Menkaure seems to speed up.
You headbutt Menkaure, but do no damage.
Menkaure is lightly damaged.
The foxfire hits Menkaure!
Menkaure is burned terribly!
Menkaure is heavily damaged.
The foxfire hits Menkaure.
Menkaure is burned terribly!
Menkaure is severely damaged.
Menkaure calls on the powers of darkness!
Your body is wracked with pain!
* * * LOW HITPOINT WARNING * * *
You barely miss Menkaure.
Menkaure is severely damaged.
Menkaure casts a spell at you. Pain shoots through your body!
You die...
Your body disappears without a glow.

####.##.#
#.##.#.#
#.##.#.#
#.##.#.#
#.##.#.#
#.##.#.# #.
#.#.#
#)#.#####
#.#.@M...#
..###.....#
### [####.#
.# # #. #


You could see Menkaure (fast).

Vanquished Creatures
  Grinder (D:6)
  Eustachio (D:4)
  A phantom (D:4)
  An ogre (D:4)
  2 scorpions
  2 howler monkeys
  A hound (D:6)
  A jelly (D:6)
  2 orc wizards
  An orc priest (D:4)
  Crazy Yiuf (D:5)
  A centaur skeleton (D:4)
  Jessica (D:3)
  2 iguanas (D:5)
  5 worker ants
  Robin (D:3)
  A worker ant zombie (D:5)
  11 adders
  A river rat (D:3)
  2 white imps (D:5)
  2 ufetubi
  2 oozes (D:3)
  A dart slug (D:3)
  5 worms
  8 leopard geckos
  7 orcs
  A giant cockroach (D:2)
  4 hobgoblins
  13 jackals
  A quokka (D:3)
  A ball python (D:5)
  2 bats
  2 frilled lizards
  15 goblins
  3 kobolds
  2 rats
108 creatures vanquished.

Vanquished Creatures (collateral kills)
  Maggie (D:6)
  Duvessa (D:5)
  Dowan (D:5)
  A howler monkey (D:5)
  2 jellies (D:5)
  7 gnolls (D:2)
  4 adders
  A river rat (D:3)
  A shadow imp (D:5)
  A worm (D:2)
  An orc (D:5)
  A giant cockroach (D:2)
  A goblin (D:2)
  2 hobgoblins (D:2)
  2 jackals (D:2)
27 creatures vanquished.

Vanquished Creatures (others)
  625 foxfires
625 creatures vanquished.

Grand Total: 760 creatures vanquished

Notes
Turn   | Place    | Note
-------+----------+-------------------------------------------
     0 | D:1      | Lanoc the Demonspawn Fire Elementalist began the quest for
                  | the Orb.
     0 | D:1      | Reached XP level 1. HP: 13/13 MP: 3/3
    87 | D:2      | Found a burning altar of Makhleb.
   170 | D:2      | Reached skill level 3 in Fire Magic
   170 | D:2      | Gained mutation: You have a pair of small horns on your
                  | head. [demonic ancestry]
   170 | D:2      | Reached XP level 2. HP: 11/19 MP: 0/5
   408 | D:2      | Found a sparkling altar of Nemelex Xobeh.
   413 | D:2      | Became a worshipper of Nemelex Xobeh the Trickster
   421 | D:2      | Received a gift from Nemelex Xobeh
   445 | D:2      | Gained mutation: You have a somewhat thin skeletal
                  | structure. (Dex +2, Stealth) [demonic ancestry]
   445 | D:2      | Reached XP level 3. HP: 11/24 MP: 0/6
   448 | D:2      | Reached skill level 1 in Invocations
   462 | D:2      | Gained mutation: You sometimes gain a little power by
                  | taking damage. [demonic ancestry]
   462 | D:2      | Reached XP level 4. HP: 9/30 MP: 2/7
  1604 | D:3      | Noticed Sigmund
  1621 | D:3      | Noticed Sigmund
  1626 | D:3      | Killed Sigmund the river rat
  1626 | D:3      | Reached skill level 4 in Fire Magic
  1710 | D:3      | Gained mutation: You regenerate a little health from kills.
                  | [demonic ancestry]
  1710 | D:3      | Reached XP level 5. HP: 20/35 MP: 0/8
  2268 | D:3      | Noticed Robin
  3055 | D:3      | Killed Robin
  3149 | D:3      | Noticed Jessica
  3154 | D:3      | Killed Jessica
  3154 | D:3      | Reached XP level 6. HP: 41/41 MP: 5/9
  3379 | D:4      | Learned a level 4 spell: Sticky Flame
  3404 | D:4      | Reached skill level 5 in Fire Magic
  3642 | D:4      | Gained mutation: You regenerate health from kills. [demonic
                  | ancestry]
  3642 | D:4      | Reached XP level 7. HP: 44/46 MP: 2/10
  3696 | D:4      | Noticed Eustachio
  3717 | D:4      | Killed Eustachio
  4044 | D:4      | Reached * piety under Nemelex Xobeh
  4373 | D:5      | Entered Level 5 of the Dungeon
  4394 | D:5      | Received a gift from Nemelex Xobeh
  4582 | D:5      | Reached skill level 6 in Fire Magic
  4723 | D:5      | Noticed Dowan
  4725 | D:5      | Noticed Duvessa
  4732 | D:5      | Reached XP level 8. HP: 52/52 MP: 9/11
  4733 | D:5      | Killed Duvessa
  4733 | D:5      | Reached skill level 5 in Invocations
  4736 | D:5      | Killed Dowan
  5101 | D:5      | Found a runed translucent door.
  5102 | D:5      | Noticed Crazy Yiuf
  5120 | D:5      | Killed Crazy Yiuf
  5652 | D:6      | Found a shimmering altar of Xom.
  5773 | D:6      | Found a staircase to the Ecumenical Temple.
  5790 | D:6      | Noticed Grinder
  5800 | D:6      | Killed Grinder
  5808 | Temple   | Entered the Ecumenical Temple
  6075 | D:6      | Noticed Maggie
  6095 | D:6      | Killed Maggie
  6095 | D:6      | Reached skill level 7 in Fire Magic
  6269 | D:7      | Found a blossoming altar of Fedhas.
  6295 | D:7      | Found an iron altar of Okawaru.
  6419 | D:7      | Noticed Menkaure
  6425 | D:7      | Killed from afar by Menkaure

Illustrated notes

Levels and vault maps discovered:
D:1:      dpeg_arrival_solitude, layout_basic, chequers_serial_rivers_small_b
D:2:      layout_rooms, bloody_makhleb, nemelex_spade_bored_becter
D:3:      layout_rooms, kennysheep_path_1, uniq_robin, uniq_sigmund,
          uniq_jessica
D:4:      layout_cave_pods, kennysheep_generic_room_6, uniq_eustachio
D:5:      layout_basic, minmay_lizard_king, uniq_crazy_yiuf_cottage,
          uniq_duvessa
D:6:      layout_rooms, kennysheep_mini, minmay_temple_entry_offerings,
          minmay_misc_feat_pillars, uniq_maggie, uniq_grinder
D:7:      layout_loops_ring, lemuel_round_altar, lemuel_crystal_altar,
          old_standard_altar, uniq_menkaure, uniq_pikel
Temple:   eino_temple_scatter_basement

Skill      XL: |  1  2  3  4  5  6  7  8 |
---------------+-------------------------+-----
Dodging        | 2 3 4 |  4.9
Fire Magic     | 3 4 5 6 7 |  7.2
Invocations    | 1 2 3 4 6 |  6.2
Conjurations   | 2 3 4 |  4.9
Stealth        | |  1.7
Spellcasting   | |  2.0

Action                   |  1- 3 |  4- 6 |  7- 9 || total
-------------------------+-------+-------+-------++-------
Melee: Unarmed           |     1 |    16 |       ||    17
       Headbutt          |       |     4 |     7 ||    11
       Club              |       |     1 |     2 ||     3
       Quarterstaff      |       |       |    26 ||    26
       Rapier            |       |       |     1 ||     1
 Cast: Foxfire           |    11 |   203 |   163 ||   377
       Sticky Flame      |       |       |     1 ||     1
Invok: Draw Summoning    |     1 |     2 |     3 ||     6
       Draw Destruction  |       |     2 |     4 ||     6
       Draw Escape       |       |     1 |     1 ||     2
 Stab: Petrifying        |       |       |     1 ||     1
       Sleeping          |       |       |     1 ||     1
Armor: Robe              |     2 |    11 |     6 ||    19
       Leather armour    |       |       |    21 ||    21
Dodge: Dodged            |    12 |    88 |    70 ||   170
Block: Other             |       |       |     5 ||     5

Table legend: (Time is in decaauts)
 A = Elapsed time spent in this place.
 B = Non-inter-level travel time spent in this place.
 C = Inter-level travel time spent in this place.
 D = Time resting spent in this place.
 E = Time spent auto-exploring this place.
 F = Levels seen in this place.
 G = Mean time per level.
                   A        B        C        D        E       F      G
               +--------+--------+--------+--------+--------+-----+--------+
         Total |   6415 |   6266 |    149 |    215 |   4948 |   8 |  801.9 |
       Dungeon |   6414 |   6265 |    149 |    215 |   4948 |   7 |  916.3 |
        Temple |      1 |      1 |      0 |      0 |      0 |   1 |    1.0 |
               +--------+--------+--------+--------+--------+-----+--------+

Top non-repeatable levels by time:
     D:2: 2000 daAuts
     D:3: 1168 daAuts
     D:4: 1117 daAuts
     D:5: 1065 daAuts
     D:6: 816 daAuts
     D:7: 158 daAuts
     D:1: 87 daAuts
  Temple: 1 daAuts
